TOP OF THE 1ST |
Kansas State Wildcats batting - Pitching for Ohio State Buckeyes : RHP Tom Sheppard
|
Pitching: RHP Tom Sheppard
|
|
Batting: LHB José Peralta
|
0-0: Foul Ball, location: 2F 0-1: Ball 1-1: Fly out, F7 (Flyball, 78S)
|
Batting: RHB Javier Sánchez
|
0-0: Ground out 4-3 (Groundball, 34)
|
Batting: RHB José Valdés
|
0-0: Ball 1-0: Ball 2-0: Ball 3-0: Base on Balls
|
Batting: LHB Jim Knight
|
0-0: Ball 1-0: Called Strike 1-1: Ball 2-1: Ball 3-1: Ground out 5-3 (Groundball, 56S)
|
Top of the 1st over - 0 run(s), 0 hit(s), 0 error(s), 1 left on base; Kansas State 0 - Ohio State 0 |
BOTTOM OF THE 1ST |
Ohio State Buckeyes batting - Pitching for Kansas State Wildcats : RHP Colin Younger
|
Pitching: RHP Colin Younger
|
|
Batting: RHB Alan Evans
|
0-0: Ball 1-0: Ground out 5-3 (Groundball, 56)
|
Batting: SHB Bernard Farley
|
0-0: Ball 1-0: Foul Ball, location: 2F 1-1: Called Strike 1-2: Ball 2-2: Reached on error, E5 (Groundball, 56S)
|
Batting: LHB Joel Nelson
|
0-0: Foul Ball, location: 2F 0-1: Fly out, F8 (Flyball, 78M)
|
Batting: LHB Milo Glenn
|
0-0: Ball 1-0: Ball 2-0: Ball 3-0: Called Strike 3-1: Called Strike 3-2: Foul Ball, location: 2F 3-2: Ground out 4-3 (Groundball, 4)
|
Bottom of the 1st over - 0 run(s), 0 hit(s), 1 error(s), 1 left on base; Kansas State 0 - Ohio State 0 |
TOP OF THE 2ND |
Kansas State Wildcats batting - Pitching for Ohio State Buckeyes : RHP Tom Sheppard
|
Batting: RHB Steve Ashe
|
0-0: Ground out 6-3 (Groundball, 6M)
|
Batting: RHB David MacKinney
|
0-0: Swinging Strike 0-1: Swinging Strike 0-2: Strikes out looking
|
Batting: SHB Andrés Zamora
|
0-0: Ball 1-0: Ground out 1-3 (Groundball, 15)
|
Top of the 2nd over - 0 run(s), 0 hit(s), 0 error(s), 0 left on base; Kansas State 0 - Ohio State 0 |
BOTTOM OF THE 2ND |
Ohio State Buckeyes batting - Pitching for Kansas State Wildcats : RHP Colin Younger
|
Batting: RHB Richie Sawyer
|
0-0: Ball 1-0: Fly out, F7 (Flyball, 78M)
|
Batting: RHB John Robertson
|
0-0: Called Strike 0-1: Called Strike 0-2: Fly out, F9 (Line Drive, 89M)
|
Batting: LHB Roberto Herrera
|
0-0: Ball 1-0: Called Strike 1-1: Ball 2-1: Foul Ball, location: 2F 2-2: SINGLE (Flyball, 8RS)
|
Batting: RHB George Pierce
|
0-0: Ball 1-0: SINGLE (Line Drive, 4MD) Roberto Herrera to second Runner from 2nd tries for 3rd, SAFE, throw made to third
|
Batting: RHB Frank Hester
|
0-0: Ground out 4-3 (Groundball, 4)
|
Bottom of the 2nd over - 0 run(s), 2 hit(s), 0 error(s), 2 left on base; Kansas State 0 - Ohio State 0 |
TOP OF THE 3RD |
Kansas State Wildcats batting - Pitching for Ohio State Buckeyes : RHP Tom Sheppard
|
Batting: RHB River Cunningham
|
0-0: Ball 1-0: Foul Ball, location: 2F 1-1: Swinging Strike 1-2: Foul Ball, location: 2F 1-2: Ball 2-2: Ball 3-2: Base on Balls
|
Batting: SHB Felipe Martínez
|
0-0: Ball 1-0: Swinging Strike 1-1: Ball 2-1: Foul Ball, location: 2F 2-2: Ball 3-2: Foul Ball, location: 2F 3-2: Base on Balls River Cunningham to second
|
Batting: LHB José Peralta
|
0-0: Ball 1-0: Ball 2-0: Called Strike 2-1: Fly out, F6 (Popup, 6S)
|
Batting: RHB Javier Sánchez
|
0-0: Ball 1-0: Ball 2-0: Called Strike 2-1: Swinging Strike 2-2: Ball 3-2: Strikes out swinging
|
Batting: RHB José Valdés
|
0-0: Ball 1-0: Ball 2-0: Ground out 5-3 (Groundball, 56S)
|
Top of the 3rd over - 0 run(s), 0 hit(s), 0 error(s), 2 left on base; Kansas State 0 - Ohio State 0 |
BOTTOM OF THE 3RD |
Ohio State Buckeyes batting - Pitching for Kansas State Wildcats : RHP Colin Younger
|
Batting: RHB Alan Evans
|
0-0: Ball 1-0: Ball 2-0: Ball 3-0: Base on Balls
|
Batting: SHB Bernard Farley
|
0-0: Ground out 5-3 (Groundball, 56S) Alan Evans to second
|
Batting: LHB Joel Nelson
|
0-0: Swinging Strike 0-1: Called Strike 0-2: Strikes out looking
|
Batting: LHB Milo Glenn
|
0-0: Ball 1-0: Called Strike 1-1: Foul Ball, location: 2F 1-2: Ball 2-2: Foul Ball, location: 2F 2-2: Ball 3-2: Ground out 4-3 (Groundball, 4)
|
Bottom of the 3rd over - 0 run(s), 0 hit(s), 0 error(s), 1 left on base; Kansas State 0 - Ohio State 0 |
TOP OF THE 4TH |
Kansas State Wildcats batting - Pitching for Ohio State Buckeyes : RHP Tom Sheppard
|
Batting: LHB Jim Knight
|
0-0: Ball 1-0: SINGLE (Groundball, 5D)
|
Batting: RHB Steve Ashe
|
0-0: Ball 1-0: Called Strike 1-1: 2-RUN HOME RUN (Flyball, 7D), Distance : 351 ft
|
Batting: RHB David MacKinney
|
0-0: Ball 1-0: Ball 2-0: Foul Ball, location: 2F 2-1: Foul Ball, location: 2F 2-2: Strikes out swinging
|
Batting: SHB Andrés Zamora
|
0-0: Ball 1-0: Ball 2-0: Called Strike 2-1: Ball 3-1: Foul Ball, location: 2F 3-2: Foul Ball, location: 2F 3-2: Base on Balls
|
Batting: RHB River Cunningham
|
0-0: Called Strike 0-1: SINGLE (Groundball, 5D) Andrés Zamora to second
|
Batting: SHB Felipe Martínez
|
0-0: Called Strike 0-1: Called Strike 0-2: Fly out, F8 (Flyball, 8LM)
|
Batting: LHB José Peralta
|
0-0: Ball 1-0: Ball 2-0: Foul Ball, location: 2F 2-1: Ball 3-1: Base on Balls Andrés Zamora to third River Cunningham to second
|
Batting: RHB Javier Sánchez
|
0-0: Ball 1-0: Ball 2-0: Ball 3-0: Called Strike 3-1: Base on Balls Andrés Zamora scores River Cunningham to third José Peralta to second
|
Batting: RHB José Valdés
|
0-0: Ball 1-0: Ball 2-0: Called Strike 2-1: Called Strike 2-2: Fielders Choice at 2nd, U4 (Groundball, 4M)
|
Top of the 4th over - 3 run(s), 3 hit(s), 0 error(s), 3 left on base; Kansas State 3 - Ohio State 0 |
BOTTOM OF THE 4TH |
Ohio State Buckeyes batting - Pitching for Kansas State Wildcats : RHP Colin Younger
|
Batting: RHB Richie Sawyer
|
0-0: Ball 1-0: Foul Ball, location: 2F 1-1: Ball 2-1: Ground out 1-3 (Groundball, 15)
|
Batting: RHB John Robertson
|
0-0: Ground out U3 (Groundball, 3S)
|
Batting: LHB Roberto Herrera
|
0-0: Ball 1-0: Foul Ball, location: 2F 1-1: Called Strike 1-2: Ball 2-2: Foul Ball, location: 2F 2-2: Strikes out looking
|
Bottom of the 4th over - 0 run(s), 0 hit(s), 0 error(s), 0 left on base; Kansas State 3 - Ohio State 0 |
TOP OF THE 5TH |
Kansas State Wildcats batting - Pitching for Ohio State Buckeyes : RHP Tom Sheppard
|
Pitching: RHP Elijah Justice
|
|
Batting: LHB Jim Knight
|
0-0: Called Strike 0-1: Ball 1-1: Called Strike 1-2: SINGLE (Groundball, 56D)
|
Batting: RHB Steve Ashe
|
0-0: Grounds into double play, 6-4-3 (Groundball, 6D)
|
Batting: RHB David MacKinney
|
0-0: Ball 1-0: Called Strike 1-1: Foul Ball, location: 2F 1-2: Ball 2-2: Ball 3-2: Strikes out looking
|
Top of the 5th over - 0 run(s), 1 hit(s), 0 error(s), 0 left on base; Kansas State 3 - Ohio State 0 |
BOTTOM OF THE 5TH |
Ohio State Buckeyes batting - Pitching for Kansas State Wildcats : RHP Colin Younger
|
Batting: RHB George Pierce
|
0-0: Foul Ball, location: 2F 0-1: Fly out, F9 (Flyball, 9M)
|
Batting: RHB Frank Hester
|
0-0: Swinging Strike 0-1: Called Strike 0-2: SINGLE (Groundball, 15S) (infield hit)
|
Batting: RHB Alan Evans
|
0-0: Ball 1-0: Ball 2-0: Foul Ball, location: 2F 2-1: Fly out, F9 (Flyball, 9LS)
|
Batting: SHB Bernard Farley
|
0-0: Fly out, F4 (Line Drive, 4)
|
Bottom of the 5th over - 0 run(s), 1 hit(s), 0 error(s), 1 left on base; Kansas State 3 - Ohio State 0 |
TOP OF THE 6TH |
Kansas State Wildcats batting - Pitching for Ohio State Buckeyes : RHP Elijah Justice
|
Batting: SHB Andrés Zamora
|
0-0: Ball 1-0: Ball 2-0: Ball 3-0: Foul Ball, location: 2F 3-1: Foul Ball, location: 2F 3-2: Strikes out looking
|
Batting: RHB River Cunningham
|
0-0: Ball 1-0: Called Strike 1-1: Ball 2-1: Ball 3-1: Foul Ball, location: 2F 3-2: Strikes out swinging
|
Batting: SHB Felipe Martínez
|
0-0: Ball 1-0: Foul Ball, location: 2F 1-1: Swinging Strike 1-2: Strikes out swinging
|
Top of the 6th over - 0 run(s), 0 hit(s), 0 error(s), 0 left on base; Kansas State 3 - Ohio State 0 |
BOTTOM OF THE 6TH |
Ohio State Buckeyes batting - Pitching for Kansas State Wildcats : RHP Colin Younger
|
Batting: LHB Joel Nelson
|
0-0: Ball 1-0: Ground out 6-3 (Groundball, 6)
|
Batting: LHB Milo Glenn
|
0-0: Fly out, F9 (Popup, 9S)
|
Batting: RHB Richie Sawyer
|
0-0: Ball 1-0: Ball 2-0: DOUBLE (Flyball, 8RM)
|
Batting: RHB John Robertson
|
0-0: Ball 1-0: SINGLE (Groundball, 34D) Richie Sawyer to third Runner from 3rd tries for Home, SAFE, no throw or cutoff
|
Batting: LHB Roberto Herrera
|
0-0: Called Strike 0-1: Foul Ball, location: 2F 0-2: Ball 1-2: SINGLE (Line Drive, 34D) John Robertson to second
|
Batting: RHB George Pierce
|
0-0: Fly out, F2 (Popup, 2RF)
|
Bottom of the 6th over - 1 run(s), 3 hit(s), 0 error(s), 2 left on base; Kansas State 3 - Ohio State 1 |
TOP OF THE 7TH |
Kansas State Wildcats batting - Pitching for Ohio State Buckeyes : RHP Elijah Justice
|
Pitching: LHP Gonzalo Tobías
|
|
Batting: LHB José Peralta
|
0-0: Ball 1-0: Ball 2-0: Ball 3-0: Base on Balls
|
Batting: RHB Javier Sánchez
|
0-0: Sac Bunt - play at first, batter OUT! 1-4 José Peralta to second
|
Batting: RHB José Valdés
|
0-0: Intentional Walk
|
Batting: LHB Jim Knight
|
0-0: Swinging Strike 0-1: Ball 1-1: Foul Ball, location: 2F 1-2: Foul Ball, location: 2F 1-2: Grounds into double play, 6-4-3 (Groundball, 6)
|
Top of the 7th over - 0 run(s), 0 hit(s), 0 error(s), 1 left on base; Kansas State 3 - Ohio State 1 |
BOTTOM OF THE 7TH |
Ohio State Buckeyes batting - Pitching for Kansas State Wildcats : RHP Colin Younger
|
Batting: RHB Frank Hester
|
0-0: SINGLE (Line Drive, 56D)
|
Batting: RHB Alan Evans
|
0-0: Ball 1-0: Fly out, F6 (Popup, 6MD)
|
Pitching: LHP Sancho Espinoza
|
|
Batting: SHB Bernard Farley
|
0-0: Ball 1-0: Ball 2-0: Called Strike 2-1: Ball 3-1: Grounds into double play, 6-4-3 (Groundball, 6)
|
Bottom of the 7th over - 0 run(s), 1 hit(s), 0 error(s), 0 left on base; Kansas State 3 - Ohio State 1 |
TOP OF THE 8TH |
Kansas State Wildcats batting - Pitching for Ohio State Buckeyes : LHP Gonzalo Tobías
|
Batting: RHB Steve Ashe
|
0-0: Foul Ball, location: 2F 0-1: Foul Ball, location: 2F 0-2: Ball 1-2: Ball 2-2: Strikes out swinging
|
Batting: RHB David MacKinney
|
0-0: Called Strike 0-1: Ball 1-1: Called Strike 1-2: Fly out, F8 (Flyball, 8RM)
|
Batting: SHB Andrés Zamora
|
0-0: SINGLE (Groundball, 23) (infield hit)
|
Batting: RHB River Cunningham
|
0-0: Ball 1-0: Swinging Strike 1-1: Ball 2-1: Ball 3-1: Called Strike 3-2: Base on Balls Andrés Zamora to second
|
Batting: SHB Felipe Martínez
|
0-0: Ball 1-0: Foul Ball, location: 2F 1-1: Ball 2-1: Foul Ball, location: 2F 2-2: Foul Ball, location: 2F 2-2: Strikes out swinging
|
Top of the 8th over - 0 run(s), 1 hit(s), 0 error(s), 2 left on base; Kansas State 3 - Ohio State 1 |
BOTTOM OF THE 8TH |
Ohio State Buckeyes batting - Pitching for Kansas State Wildcats : LHP Sancho Espinoza
|
Batting: LHB Joel Nelson
|
0-0: Called Strike 0-1: Called Strike 0-2: Foul Ball, location: 2F 0-2: Strikes out swinging
|
Batting: LHB Milo Glenn
|
0-0: Called Strike 0-1: Ball 1-1: Fly out, F8 (Flyball, 8RM)
|
Batting: RHB Richie Sawyer
|
0-0: Swinging Strike 0-1: Ground out 6-3 (Groundball, 6)
|
Bottom of the 8th over - 0 run(s), 0 hit(s), 0 error(s), 0 left on base; Kansas State 3 - Ohio State 1 |
TOP OF THE 9TH |
Kansas State Wildcats batting - Pitching for Ohio State Buckeyes : LHP Gonzalo Tobías
|
Batting: LHB José Peralta
|
0-0: Ball 1-0: Ball 2-0: Ball 3-0: Base on Balls
|
Pitching: RHP Jacob Edwards
|
|
Batting: RHB Javier Sánchez
|
0-0: Ball 1-0: Swinging Strike 1-1: Ball 2-1: DOUBLE (Line Drive, 7LS) José Peralta to third
|
Batting: RHB José Valdés
|
0-0: Ball 1-0: Ball 2-0: Ground out U3 (Groundball, 3)
|
Batting: LHB Jim Knight
|
0-0: Intentional Walk
|
Batting: RHB Steve Ashe
|
0-0: Called Strike 0-1: Hit by Pitch José Peralta scores Javier Sánchez to third Jim Knight to second
|
Batting: RHB David MacKinney
|
0-0: Ball 1-0: Ball 2-0: Called Strike 2-1: Grounds into double play, 6-4-3 (Groundball, 6M)
|
Top of the 9th over - 1 run(s), 1 hit(s), 0 error(s), 2 left on base; Kansas State 4 - Ohio State 1 |
BOTTOM OF THE 9TH |
Ohio State Buckeyes batting - Pitching for Kansas State Wildcats : LHP Sancho Espinoza
|
Pitching: RHP Ron Davis
|
|
Batting: RHB John Robertson
|
0-0: Ball 1-0: Ball 2-0: Foul Ball, location: 2F 2-1: Ball 3-1: Base on Balls
|
Batting: LHB Roberto Herrera
|
0-0: Called Strike 0-1: Foul Ball, location: 2F 0-2: Fly out, F7 (Flyball, 7S)
|
Batting: RHB George Pierce
|
0-0: Ball Passed Ball! John Robertson to second 1-0: Called Strike 1-1: Ground out 4-3 (Groundball, 4M) John Robertson to third
|
Batting: RHB Frank Hester
|
0-0: Called Strike 0-1: Ball 1-1: Ball 2-1: Ball 3-1: Base on Balls
|
Batting: RHB Alan Evans
|
0-0: Called Strike 0-1: Fly out, F9 (Flyball, 9M)
|
Bottom of the 9th over - 0 run(s), 0 hit(s), 0 error(s), 2 left on base; Kansas State 4 - Ohio State 1 |
|